 Dungeon Crawl Stone Soup version 0.30-a0-305-g026cb31310 (webtiles) character file.

Game seed: 4911459617488878458

297 McGhostyFace the Slasher (level 6, -1/51 HPs)
             Began as a Gnoll Reaver on Oct 22, 2022.
             Killed from afar by an orc wizard (4 damage)
             ... with a puff of flame
             ... on level 5 of the Dungeon.
             The game lasted 00:05:58 (3814 turns).

McGhostyFace the Slasher (Gnoll Reaver)             Turns: 3814, Time: 00:06:04

Health: -1/51      AC:  5    Str:  9 (11) XL:     6   Next: 35%
Magic:  12/14      EV: 12    Int: 11 (14) God:
Gold:   149        SH:  0    Dex: 10 (11) Spells: 9/15 levels left

rFire   x . .      SeeInvis .    a - +0 falchion
rCold   + . .      Faith    .    (no shield)
rNeg    . . .      Spirit   .    b - +0 leather armour
rPois   .          Reflect  .    (no helmet)
rElec   .          Harm     .    i - +1 cloak
rCorr   +          Rampage  .    (no gloves)
Will    +....                    (no boots)
Stlth   ++........               u - amulet of the acrobat
HPRegen 0.28/turn                g - ring of ice
MPRegen 0.14/turn                j - ring of resist corrosion

@: no status effects
A: fangs 1, strong nose, distributed training, camouflage 1, deterioration 1,
strong-willed 1
a: no special abilities


You were on level 5 of the Dungeon.
You visited 1 branch of the dungeon, and saw 5 of its levels.

You collected 149 gold pieces.

Inventory:

Hand Weapons
 a - a +0 falchion (weapon)
 q - a +1 trident of venom
Armour
 b - a +0 leather armour (worn)
 i - a +1 cloak (worn)
Jewellery
 g - a ring of ice (left hand)
 j - a ring of resist corrosion (right hand)
 u - an amulet of the acrobat (around neck)
Wands
 s - a wand of flame (19)
 v - a wand of digging (6)
Scrolls
 c - 5 scrolls of identify {unknown}
 d - 2 scrolls of teleportation {unknown}
 f - 3 scrolls of enchant weapon {unknown}
 h - a scroll of acquirement {unknown}
 k - a scroll of enchant armour {unknown}
 l - a scroll of fog {unknown}
 n - a scroll of magic mapping {unknown}
 o - a scroll of vulnerability {unknown}
 p - a scroll of amnesia {unknown}
 r - a scroll of immolation {unknown}
 t - a scroll of noise {unknown}
Potions
 e - a potion of mutation
 m - a potion of heal wounds {unknown}
 x - a potion of brilliance {unknown}
 z - a potion of flight {unknown}


   Skills:
 + Level 5.0 Fighting
 + Level 2.0 Short Blades
 + Level 6.8 Long Blades
 + Level 2.0 Axes
 + Level 2.0 Maces & Flails
 + Level 2.0 Polearms
 + Level 2.0 Staves
 + Level 2.0 Ranged Weapons
 + Level 2.0 Throwing
 + Level 2.0 Armour
 + Level 5.0 Dodging
 + Level 2.0 Stealth
 + Level 2.0 Shields
 + Level 2.0 Unarmed Combat
 + Level 5.4 Spellcasting
 + Level 5.7 Conjurations
 + Level 1.6 Hexes
 + Level 1.6 Summonings
 + Level 1.6 Necromancy
 + Level 1.6 Translocations
 + Level 1.6 Transmutations
 + Level 1.6 Fire Magic
 + Level 1.6 Ice Magic
 + Level 1.6 Air Magic
 + Level 1.6 Earth Magic
 + Level 1.6 Poison Magic
 + Level 2.2 Invocations
 + Level 2.0 Evocations


You had 9 spell levels left.
You knew the following spells:

 Your Spells              Type           Power      Damage    Failure   Level
a - Kiss of Death         Conj/Necr      44%        2d8       6%          1
b - Momentum Strike       Conj/Tloc      22%        3d8       10%         2
c - Hailstorm             Conj/Ice       16%        3d6       19%         3

Your spell library contained the following spells:

 Spells                   Type           Power      Damage    Failure   Level
 Slow                     Hex            24%        N/A       14%         1
 Confusing Touch          Hex            6%         N/A       41%         3
 Gell's Gravitas          Tloc           6%         N/A       41%         3
 Lesser Beckoning         Tloc           12%        N/A       41%         3
 Teleport Other           Tloc           6%         N/A       41%         3
 Vampiric Draining        Necr           6%         2d6       41%         3


Dungeon Overview and Level Annotations

Branches:
Dungeon (5/15)
 Temple: D:4-7

Altars:
Elyvilon
Wu Jian


Innate Abilities, Weirdness & Mutations

You have very sharp teeth.
Your uncanny sense of smell can sniff out nearby items.
Your experience applies equally to all skills.
Your skin changes colour to match your surroundings (Stealth+).
Your body sometimes deteriorates upon taking damage.
You are strong-willed. (Will+)


Message History

Unknown command.
Something hits you. The orc attacks as you move away!
The orc closely misses you.
You slash the orc!
You kill the orc!
The orc hits you with a +0 war axe. Something hits you.
* * * LOW HITPOINT WARNING * * *
You hit the orc.
The orc is almost dead.
Something hits you but does no damage. The orc hits you with a +0 war axe!
* * * LOW HITPOINT WARNING * * *
You hit the orc but do no damage.
The orc is almost dead.
You hear some strange, mumbled words.
You are confused.
The orc barely misses you.
The orc throws a boomerang.
The boomerang completely misses you.
You're too confused to cast spells.
Something closely misses you. The orc completely misses you.
You closely miss the orc. Your bite misses the orc.
The orc is severely wounded.
The orc misses you. Something hits you.
* * * LOW HITPOINT WARNING * * *
The orc attacks as you move away! The orc barely misses you.
Something hits you.
* * * LOW HITPOINT WARNING * * *
It was a potion of mutation.
You feel extremely strange.
You feel yourself wasting away.
Your skin functions as natural camouflage.
You feel strong-willed. The orc hits you but does no damage.
Something hits you.
* * * LOW HITPOINT WARNING * * *
It was a potion of degeneration.
There was something very wrong with that liquid.
You feel weakened.
You feel dopey.
You feel clumsy.
You feel less confused.
You hear some strange, mumbled words.
A puff of flame appears from out of thin air!
The puff of flame hits you. The fire burns you terribly!
You die...

...o..#.....#.......#....#
......#.....#.......+....# ....
.'.....#..)....#....#
#...####..##..#....#
######...####..###'#....#
#..............#.....#'########
#........).†)..#.....#........#
#.............{#<....#........#
'............o@#.....#........#
################.....##########
#######


You could see an orc.

Vanquished Creatures
  Grinder (D:3)
  Ijyb (D:3)
  Natasha (thrice) (D:2)
  3 adders
  3 worms
  2 dart slugs (D:3)
  3 orcs
  7 endoplasms
  5 giant cockroaches
  12 goblins
  10 hobgoblins
  2 jackals (D:3)
  2 quokkas (D:1)
  4 ball pythons
  3 bats
  4 frilled lizards
  3 kobolds
  2 rats (D:2)
70 creatures vanquished.

Vanquished Creatures (others)
  A necrophage (D:4)
  A scorpion (D:4)
2 creatures vanquished.

Grand Total: 72 creatures vanquished

Notes
Turn   | Place    | Note
-------+----------+-------------------------------------------
     0 | D:1      | McGhostyFace the Gnoll Reaver began the quest for the Orb.
     0 | D:1      | Reached XP level 1. HP: 20/20 MP: 6/6
   467 | D:1      | Reached XP level 2. HP: 26/26 MP: 7/7
   883 | D:2      | Reached skill level 5 in Spellcasting
   883 | D:2      | Reached XP level 3. HP: 31/31 MP: 7/9
  1087 | D:2      | Reached skill level 1 in Invocations
  1431 | D:2      | Reached skill level 1 in Short Blades
  1431 | D:2      | Reached skill level 1 in Axes
  1431 | D:2      | Reached skill level 1 in Maces & Flails
  1431 | D:2      | Reached skill level 1 in Polearms
  1431 | D:2      | Reached skill level 1 in Staves
  1431 | D:2      | Reached skill level 1 in Ranged Weapons
  1431 | D:2      | Reached skill level 1 in Throwing
  1431 | D:2      | Reached skill level 1 in Armour
  1431 | D:2      | Reached skill level 1 in Stealth
  1431 | D:2      | Reached skill level 1 in Shields
  1431 | D:2      | Reached skill level 1 in Unarmed Combat
  1431 | D:2      | Reached skill level 1 in Evocations
  1439 | D:2      | Noticed Natasha
  1447 | D:2      | Killed Natasha
  1448 | D:2      | Reached XP level 4. HP: 29/38 MP: 11/11
  1530 | D:2      | Noticed Natasha
  1543 | D:2      | Killed Natasha
  1544 | D:2      | Reached skill level 1 in Hexes
  1544 | D:2      | Reached skill level 1 in Summonings
  1544 | D:2      | Reached skill level 1 in Necromancy
  1544 | D:2      | Reached skill level 1 in Translocations
  1544 | D:2      | Reached skill level 1 in Transmutations
  1544 | D:2      | Reached skill level 1 in Fire Magic
  1544 | D:2      | Reached skill level 1 in Ice Magic
  1544 | D:2      | Reached skill level 1 in Air Magic
  1544 | D:2      | Reached skill level 1 in Earth Magic
  1544 | D:2      | Reached skill level 1 in Poison Magic
  1669 | D:2      | Noticed Natasha
  1677 | D:2      | Killed Natasha
  1678 | D:2      | Reached XP level 5. HP: 29/43 MP: 12/12
  1774 | D:2      | Found a faded altar of an unknown god.
  2243 | D:3      | Noticed Grinder
  2247 | D:3      | Learned a level 2 spell: Momentum Strike
  2258 | D:3      | Killed Grinder
  2335 | D:3      | Learned a level 3 spell: Hailstorm
  2620 | D:3      | Noticed Ijyb
  2629 | D:3      | Killed Ijyb
  2686 | D:3      | Found a white marble altar of Elyvilon.
  3103 | D:4      | Found an ornate altar of the Wu Jian Council.
  3185 | D:4      | Reached XP level 6. HP: 21/50 MP: 11/14
  3341 | D:4      | Reached skill level 5 in Fighting
  3341 | D:4      | Reached skill level 5 in Dodging
  3725 | D:5      | Entered Level 5 of the Dungeon
  3813 | D:5      | Gained mutation: Your body sometimes deteriorates upon
                  | taking damage. [potion of mutation]
  3813 | D:5      | Gained mutation: Your skin changes colour to match your
                  | surroundings (Stealth+). [potion of mutation]
  3813 | D:5      | Gained mutation: You are strong-willed. (Will+) [potion of
                  | mutation]
  3814 | D:5      | Killed from afar by an orc wizard

Illustrated notes

Levels and vault maps discovered:
D:1:      dpeg_arrival_circle_labyrinth_a, layout_basic
D:2:      minmay_angry_zag, layout_loops_ring,
          shapermc_ecumenical_altar_mp_vishouse, uniq_natasha
D:3:      layout_loops_cross, nicolae_elyvilon_temple_path, uniq_grinder,
          uniq_ijyb
D:4:      layout_cave_pods, general_overflow_altar, minmay_goblin_outpost
D:5:      layout_gridville

Skill      XL: |  1  2  3  4  5  6 |
---------------+-------------------+-----
Spellcasting   | 5 |  5.4
Invocations    | 1 2 |  2.2
Short Blades   | 1 2 |  2.0
Axes           | 1 2 |  2.0
Maces & Flails | 1 2 |  2.0
Polearms       | 1 2 |  2.0
Staves         | 1 2 |  2.0
Ranged Weapons | 1 2 |  2.0
Throwing       | 1 2 |  2.0
Armour         | 1 2 |  2.0
Stealth        | 1 2 |  2.0
Shields        | 1 2 |  2.0
Unarmed Combat | 1 2 |  2.0
Evocations     | 1 2 |  2.0
Hexes          | 1 |  1.6
Summonings     | 1 |  1.6
Necromancy     | 1 |  1.6
Translocations | 1 |  1.6
Transmutations | 1 |  1.6
Fire Magic     | 1 |  1.6
Ice Magic      | 1 |  1.6
Air Magic      | 1 |  1.6
Earth Magic    | 1 |  1.6
Poison Magic   | 1 |  1.6
Fighting       | 5 |  5.0
Dodging        | 5 |  5.0
Long Blades    | |  6.8
Conjurations   | |  5.7

Action                   |  1- 3 |  4- 6 || total
-------------------------+-------+-------++-------
Melee: Falchion          |   106 |   145 ||   251
       Bite              |     8 |    12 ||    20
       Punch             |     1 |     1 ||     2
 Cast: Kiss of Death     |       |     1 ||     1
       Momentum Strike   |       |     6 ||     6
       Hailstorm         |       |     1 ||     1
  Use: Potion            |       |     2 ||     2
 Stab: Sleeping          |     1 |     1 ||     2
Armor: Leather armour    |    21 |    30 ||    51
Dodge: Dodged            |    59 |    76 ||   135

Table legend: (Time is in decaauts)
 A = Elapsed time spent in this place.
 B = Non-inter-level travel time spent in this place.
 C = Inter-level travel time spent in this place.
 D = Time resting spent in this place.
 E = Time spent auto-exploring this place.
 F = Levels seen in this place.
 G = Mean time per level.
                   A        B        C        D        E       F      G
               +--------+--------+--------+--------+--------+-----+--------+
         Total |   3836 |   3735 |    101 |    599 |   2548 |   5 |  767.2 |
       Dungeon |   3836 |   3735 |    101 |    599 |   2548 |   5 |  767.2 |
               +--------+--------+--------+--------+--------+-----+--------+

Top non-repeatable levels by time:
     D:2: 992 daAuts
     D:3: 967 daAuts
     D:4: 950 daAuts
     D:1: 837 daAuts
     D:5: 88 daAuts
